 Dungeon Sprint DCSS version 0.17-a0-1632-g0af21bd (webtiles) character file.

1661 Kidiri the Covert (level 8, -16/36 HPs)
             Began as a Spriggan Enchanter on Aug 3, 2015.
             Was a High Priest of Dithmenos.
             Demolished by a vampire knight
             ... wielding a +0 glaive
              (36 damage)
             ... in the Dungeon (Sprint VII: "The Pits").
             The game lasted 00:10:01 (1706 turns).

Kidiri the Covert (Spriggan Enchanter)              Turns: 1706, Time: 00:10:01

Health: -16/36     AC:  7    Str:  7    XL:     8   Next: 69%
Magic:  1/23       EV: 29    Int: 17    God:    Dithmenos [*****.]
Gold:   0          SH:  0    Dex: 18    Spells: 5 memorised, 16 levels left

rFire  . . .     SeeInvis +     u - +2 rapier (elec)
rCold  . . .     Clarity  .     b - +1 robe
rNeg   . . .     SustAt   .     (shield restricted)
rPois  .         Gourm    .     (helmet restricted)
rElec  .         Spirit   .     t - +0 cloak
rCorr  .         Warding  .     (gloves unavailable)
rMut   .         NoTele   +     (boots unavailable)
MR     +....                    (no amulet)
Stlth  ++++++++++               r - +3 ring of protection
                                q - +3 ring of strength

@: wreathed by umbra, very quick, somewhat resistant to hostile enchantments,
uncannily stealthy
A: unfitting armour, see invisible, herbivore 3, speed 3, slow metabolism 2
a: Shadow Step, Shadow Form, Renounce Religion


You were in the Dungeon.
You worshipped Dithmenos.
Dithmenos was extremely pleased with you.
You were not hungry.

You visited 1 branch

Inventory:

Hand weapons
 k - a +2 dagger of venom
 p - a +2 dagger of electrocution
 u - a +2 rapier of electrocution (weapon)
Armour
 b - a +1 robe (worn)
 t - a +0 cloak (worn)
Jewellery
 q - a +3 ring of strength (left hand)
 r - a +3 ring of protection (right hand)
Scrolls
 j - a scroll of blinking
 m - 3 scrolls of remove curse
 n - 5 scrolls of amnesia
 o - a scroll of summoning
Potions
 e - 7 potions of curing
 f - 14 potions of heal wounds
 g - 3 potions of haste
 h - 4 potions of magic
 i - 3 potions of berserk rage
 l - 2 potions of invisibility
 s - a potion of brilliance
Books
 c - a book of Maledictions

   Spells                             Type                      Level
   a - Corona                         Hexes                        1
   b - Ensorcelled Hibernation        Hexes/Ice                    2
   c - Confuse                        Hexes                        3
   d - Tukima's Dance                 Hexes                        3
   e - Dazzling Spray                 Conjuration/Hexes            3
Comestibles
 a - 40 fruits
 d - 8 bread rations


   Skills:
 + Level 6.9 Short Blades
 * Level 12.4 Dodging
 * Level 13.7 Stealth
 * Level 10.8 Spellcasting
 + Level 4.0 Conjurations
 + Level 8.3 Hexes
 + Level 4.4 Ice Magic
 - Level 3.5 Invocations


You had 16 spell levels left.
You knew the following spells:

 Your Spells              Type           Power        Failure   Level  Hunger
a - Corona                Hex            #####..      1%          1    None
b - Ensorcelled Hibernat  Hex/Ice        ####..       1%          2    None
c - Confuse               Hex            #####...     1%          3    None
d - Tukima's Dance        Hex            #####...     1%          3    None
e - Dazzling Spray        Conj/Hex       ####....     1%          3    None


Dungeon Overview and Level Annotations

Branches:
Dungeon (1/1)

Altars:
Ashenzari
Cheibriados
Dithmenos
Elyvilon
Fedhas
Gozag
Kikubaaqudgha
Makhleb
Nemelex Xobeh
Okawaru
Qazlal
Ru
Sif Muna
Trog
Vehumet
Xom
Yredelemnul
Zin
The Shining One
Beogh
Jiyva
Lugonu


Innate Abilities, Weirdness & Mutations

You are tiny and cannot use many weapons and most armour.
You have supernaturally acute eyesight.
You are a herbivore.
You cover ground extremely quickly.
You need consume almost no food.


Message History

Press: ? - help, Shift-Dir - straight line, f/p - vampire knight
Aim: a vampire knight, wielding a glaive and wearing a plate armour (fast, umbra, chance to defeat MR: 44%)
The vampire knight resists with some effort.
The vampire knight misses you.
Casting: Tukima's Dance
Confirm with . or Enter, or press ? or * to list all spells.
You don't have enough magic to cast that spell.
Unknown command.
Unknown command.
Unknown command.
The vampire knight barely misses you.
The vampire knight bites you but does no damage.
You see here an arrow.
You barely miss the vampire knight.
The vampire knight completely misses you.
The vampire knight closely misses you.
You hit the vampire knight but do no damage.
The vampire knight hits you with a glaive!!!
Ouch! That really hurt!
You die...

#)).......V.')....
#'#####+#####.....
#[#.....#..##.....
#.#.....#.)#####+#
#.###+###))##.....
#.#.....#))##.....
#.#.....#[[##.....
#.####+##+###...<.
#@#........##.....
#V#(......)##.....
#(###########.....
#.).....#.%#######
#(###...#)########
#.#.....#)#....#..
#.#...#.#+#....#..
#.....#.#.+....+..
#)..###.#%#....#..


You could see a vampire knight.

Vanquished Creatures
  A deep troll (D)
  A komodo dragon (D)
  A giant leech (D)
  A phantom (D)
  An orc warrior (D)
  A necrophage (D)
  A centaur (D)
  2 brain worms (D)
  A gnoll sergeant (D)
  An iron imp (D)
  An orc priest (D)
  A worker ant (D)
  An orc wizard (D)
  An iguana (D)
  7 gnolls (D)
  An adder (D)
  An ufetubus (D)
  A giant gecko (D)
  2 orcs (D)
  2 hobgoblins (D)
  3 jackals (D)
  A kobold (D)
  2 ball pythons (D)
  A rat (D)
36 creatures vanquished.

Notes
Turn   | Place    | Note
--------------------------------------------------------------
     0 | D        | Kidiri the Spriggan Enchanter began the quest for the Orb.
     0 | D        | Reached XP level 1. HP: 9/9 MP: 5/5
    25 | D        | Found a sacrificial altar of Ru.
    25 | D        | Found a basalt altar of Yredelemnul.
    25 | D        | Found a shadowy altar of Dithmenos.
    25 | D        | Found a deep blue altar of Sif Muna.
    25 | D        | Found a burning altar of Makhleb.
    25 | D        | Found a shimmering altar of Xom.
    25 | D        | Found an ancient bone altar of Kikubaaqudgha.
    25 | D        | Found a sparkling altar of Nemelex Xobeh.
    26 | D        | Found a glowing golden altar of the Shining One.
    26 | D        | Found a bloodstained altar of Trog.
    26 | D        | Found a shattered altar of Ashenzari.
    26 | D        | Found a white marble altar of Elyvilon.
    26 | D        | Found a snail-covered altar of Cheibriados.
    26 | D        | Found a blossoming altar of Fedhas.
    26 | D        | Found a radiant altar of Vehumet.
    26 | D        | Found a glowing silver altar of Zin.
    26 | D        | Found a corrupted altar of Lugonu.
    26 | D        | Found a viscous altar of Jiyva.
    26 | D        | Found a roughly hewn altar of Beogh.
    26 | D        | Found an iron altar of Okawaru.
    29 | D        | Became a worshipper of Dithmenos the Shadowed
    33 | D        | Found a stormy altar of Qazlal.
    33 | D        | Found an opulent altar of Gozag.
    76 | D        | Noticed a brain worm
    80 | D        | Killed a brain worm
    80 | D        | Reached skill level 6 in Dodging
    80 | D        | Reached skill level 7 in Stealth
    80 | D        | Reached skill level 5 in Spellcasting
    80 | D        | Reached XP level 2. HP: 13/13 MP: 6/9
    80 | D        | Reached XP level 3. HP: 16/16 MP: 6/10
    80 | D        | Reached XP level 4. HP: 21/21 MP: 7/12
    89 | D        | Learned a level 2 spell: Ensorcelled Hibernation
    93 | D        | Learned a level 3 spell: Confuse
    97 | D        | Learned a level 3 spell: Tukima's Dance
   101 | D        | Learned a level 3 spell: Dazzling Spray
   136 | D        | Acquired Dithmenos's first power
   356 | D        | Noticed a phantom
   359 | D        | Reached skill level 5 in Hexes
   405 | D        | Killed a phantom
   405 | D        | Reached skill level 8 in Dodging
   405 | D        | Reached skill level 9 in Stealth
   405 | D        | Reached skill level 1 in Conjurations
   405 | D        | Reached skill level 1 in Ice Magic
   405 | D        | Reached XP level 5. HP: 18/24 MP: 2/15
   547 | D        | Noticed a worker ant
   549 | D        | Noticed a centaur
   552 | D        | Noticed a brain worm
   559 | D        | Noticed an orc warrior
   559 | D        | Killed a centaur
   559 | D        | Acquired Dithmenos's second power
   559 | D        | Reached XP level 6. HP: 4/28 MP: 11/17
   858 | D        | Killed an orc warrior
   858 | D        | Reached skill level 10 in Stealth
   874 | D        | Killed a brain worm
   874 | D        | Reached skill level 5 in Short Blades
  1038 | D        | Killed a worker ant
  1061 | D        | Acquired Dithmenos's third power
  1061 | D        | Reached skill level 11 in Stealth
  1062 | D        | Noticed an iron imp
  1073 | D        | Killed an iron imp
  1227 | D        | Noticed an iguana
  1231 | D        | Killed an iguana
  1231 | D        | Reached skill level 10 in Dodging
  1231 | D        | Reached XP level 7. HP: 32/32 MP: 17/20
  1249 | D        | Noticed a giant leech
  1252 | D        | Killed a giant leech
  1264 | D        | Noticed a necrophage
  1264 | D        | Noticed an orc priest
  1264 | D        | Noticed an orc wizard
  1266 | D        | Killed an orc wizard
  1266 | D        | Acquired Dithmenos's fourth power
  1268 | D        | Killed an orc priest
  1268 | D        | Reached skill level 12 in Stealth
  1270 | D        | Killed a necrophage
  1282 | D        | Noticed a komodo dragon
  1286 | D        | Killed a komodo dragon
  1286 | D        | Reached skill level 10 in Spellcasting
  1286 | D        | Reached XP level 8. HP: 36/36 MP: 18/23
  1413 | D        | Noticed a deep troll
  1413 | D        | Noticed a gnoll sergeant
  1460 | D        | Killed a gnoll sergeant
  1460 | D        | Reached skill level 13 in Stealth
  1478 | D        | Killed a deep troll
  1642 | D        | Noticed a vampire
  1644 | D        | Noticed a vampire knight
  1706 | D        | Demolished by a vampire knight

Vault maps used:
D:        pitsprint

Action                   |  1- 3 |  4- 6 |  7- 9 || total
-------------------------+-------+-------+-------++-------
Melee: Dagger            |     4 |    69 |     8 ||    81
       Rapier            |       |       |     9 ||     9
 Cast: Dazzling Spray    |       |     4 |    11 ||    15
       Ensorcelled Hiber |       |    10 |     5 ||    15
       Confuse           |       |     6 |     3 ||     9
       Tukima's Dance    |       |       |     2 ||     2
       Corona            |       |       |     1 ||     1
Invok: Shadow Step       |       |       |     2 ||     2
  Use: Potion            |       |     1 |       ||     1
 Stab: Sleeping          |     2 |     5 |    10 ||    17
       Invisible         |       |     1 |     1 ||     2
       Confused          |       |     1 |       ||     1
